 Dungeon Crawl Stone Soup version 0.30-a0-756-gc2185399d4 (webtiles) character file.

Game seed: 18020663732825555610

73 sanka the Changer (level 4, 0/21 HPs)
             Began as a Spriggan Transmuter on Feb 9, 2023.
             Succumbed to an adder's poison
             ... on level 3 of the Dungeon.
             The game lasted 00:03:03 (1736 turns).

sanka the Changer (Spriggan Transmuter)             Turns: 1736, Time: 00:03:04

Health: 0/21       AC:  2    Str:  6    XL:     4   Next: 8%
Magic:  9/9        EV: 17    Int: 14    God:
Gold:   115        SH:  0    Dex: 17    Spells: 3/9 levels left

rFire   . . .      SeeInvis +      - Unarmed
rCold   . . .      Faith    .    (no shield)
rNeg    . . .      Spirit   .    a - +0 robe
rPois   .          Reflect  .    (helmet restricted)
rElec   .          Harm     .    (no cloak)
rCorr   .          Rampage  .    (gloves unavailable)
Will    .....                    (boots unavailable)
Stlth   ++                       g - amulet of regeneration
HPRegen 1.03/turn                (no ring)
MPRegen 0.11/turn                (no ring)

@: lethally poisoned (0 -> -4), very quick
A: very small, no large weapons, unfitting armour, see invisible, speed 3
a: no special abilities


You were on level 3 of the Dungeon.
You visited 1 branch of the dungeon, and saw 3 of its levels.

You collected 115 gold pieces.


Innate Abilities, Weirdness & Mutations

You are very small and have problems with some larger weapons.
You are too small for most types of armour.
You have supernaturally acute eyesight. (SInv)
You cover ground extremely quickly. (Speed+++)


   Skills:
 - Level 0.7 Fighting
 - Level 2.6 Dodging
 - Level 2.4 Unarmed Combat
 - Level 3.0 Spellcasting
 + Level 5.7 Transmutations


You had 3 spell levels left.
You knew the following spells:

 Your Spells              Type           Power      Damage    Failure   Level
x - Spider Form           Tmut/Pois      10%        N/A       21%         3
y - Wereblood             Tmut           18%        N/A       3%          2
z - Beastly Appendage     Tmut           36%        N/A       1%          1

Your spell library contained the following spells:

 Spells                   Type           Power      Damage    Failure   Level
 Magic Dart               Conj           8%         1d3       22%         1
 Searing Ray              Conj           4%         2d4       32%         2
 Ice Form                 Ice/Tmut       10%        N/A       54%         4
 Fulminant Prism          Conj/Hex       1%         3d5       91%         4

Inventory:

Missiles
 m - a throwing net {=f}
Armour
 a - a +0 robe (worn)
Magical Staves
 c - a staff of earth
 k - a staff of air
Jewellery
 g - an amulet of regeneration (around neck)
Scrolls
 d - a scroll of immolation {unknown}
 f - a scroll of torment {unknown}
 h - 3 scrolls of teleportation {unknown}
 l - 2 scrolls of identify {unknown}
Potions
 b - 3 potions of lignification {!q}
 e - a potion of cancellation {unknown}
 i - a potion of brilliance {unknown}
 j - a potion of invisibility {unknown}

Dungeon Overview and Level Annotations

Branches:
Dungeon (3/15)

Altars:

▒....▒▒▒▒▒▒.........
▒....'..▒ ▒▒▒▒▒▒▒▒▒▒
▒....▒▒.▒ +....▒▒.▒
▒....▒▒.▒ +..)....▒
▒.....▒▒▒ ▒...▒▒▒
▒..i▒ ▒...▒ ▒....▒
▒....▒ ▒....▒ ▒.....
▒....▒ ▒.....


There were no monsters in sight!


Message History

You feel sick. The adder bites you.
You are more poisoned.
The adder poisons you! The adder bites you.
* * * LOW HITPOINT WARNING * * *
You are more poisoned.
The adder poisons you!
You miss the adder.
The adder is almost dead.
You feel sick. The adder bites you.
* * * LOW HITPOINT WARNING * * *
You are lethally poisoned!
The adder poisons you!
You miss the adder.
The adder is almost dead.
* * * LOW HITPOINT WARNING * * *
You feel very sick. The adder barely misses you.
Unknown command.
You hit the adder but do no damage.
The adder is almost dead.
* * * LOW HITPOINT WARNING * * *
You feel very sick. The adder closely misses you.
Unknown command.
You hit the adder.
You kill the adder!
You die...

Action                     |  1- 3 |  4- 6 || total
---------------------------+-------+-------++-------
  Melee: Unarmed           |   113 |    42 ||   155
         Kick              |    26 |     7 ||    33
         Headbutt          |    18 |     2 ||    20
         Punch             |     2 |       ||     2
   Cast: Beastly Appendage |    29 |     5 ||    34
   Stab: Sleeping          |     2 |       ||     2
 Armour: Robe              |     9 |     5 ||    14
  Dodge: Dodged            |    73 |    39 ||   112

Levels and vault maps discovered:
D:1:      heliophobic_arrival_glass_houses, layout_basic
D:2:      layout_loops_ring, kennysheep_nondescript
D:3:      layout_basic, mainiacjoe_overflow_tiny_flanked, chequers_avenue,
          minmay_increasing_density

Notes
Turn   | Place    | Note
-------+----------+-------------------------------------------
     0 | D:1      | sanka the Spriggan Transmuter began the quest for the Orb.
     0 | D:1      | Reached XP level 1. HP: 9/9 MP: 5/5
   100 | D:1      | Reached skill level 3 in Spellcasting
   100 | D:1      | Reached skill level 3 in Transmutations
   151 | D:1      | Reached XP level 2. HP: 14/14 MP: 5/7
   154 | D:1      | Learned a level 2 spell: Wereblood
   506 | D:1      | Reached skill level 4 in Transmutations
  1031 | D:2      | Reached XP level 3. HP: 17/17 MP: 8/8
  1039 | D:2      | Learned a level 3 spell: Spider Form
  1150 | D:2      | Reached skill level 5 in Transmutations
  1490 | D:2      | Reached XP level 4. HP: 15/21 MP: 7/9
  1735 | D:3      | HP: 2/21 [poisoned by an adder]
  1736 | D:3      | Succumbed to an adder's poison

Vanquished Creatures
  4 adders
  2 dart slugs
  4 ball pythons
  3 bats
  2 endoplasms (D:3)
  A giant cockroach (D:1)
  6 goblins
  5 hobgoblins
  2 jackals (D:2)
  2 kobolds (D:1)
  A quokka (D:2)
  5 frilled lizards
  3 rats
40 creatures vanquished.
